| TOP OF THE 1ST |
|
Salt Lake Bees batting - Pitching for Columbus Clippers : RHP Josh Hoeye
|
|
Pitching: RHP Josh Hoeye
|
|
|
Batting: RHB Kian-tat Chen
|
0-0: Ball 1-0: Fly out, F8 (Flyball, 8LD, EV 106.2 MPH)
|
|
Batting: LHB Brett Bugge
|
0-0: Ball 1-0: Called Strike 1-1: Called Strike 1-2: Ball 2-2: Ball 3-2: Foul Ball, location: 2F 3-2: Ground out 1-3 (Groundball, 13S, EV 66.2 MPH)
|
|
Batting: RHB Jimmy Buzard
|
0-0: Ball 1-0: Ground out 6-3 (Groundball, 6M, EV 101.9 MPH)
|
| Top of the 1st over - 0 runs, 0 hits, 0 errors, 0 left on base; Salt Lake 0 - Columbus 0 |
| BOTTOM OF THE 1ST |
|
Columbus Clippers batting - Pitching for Salt Lake Bees : RHP Ricky Castillo
|
|
Pitching: RHP Ricky Castillo
|
|
|
Batting: LHB John Harring
|
0-0: Ball 1-0: DOUBLE (Line Drive, 89D, EV 110.0 MPH)
|
|
Batting: LHB Tyler Babbitt
|
0-0: Ball 1-0: Ground out 4-3 (Groundball, 4, EV 84.4 MPH) John Harring to third
|
|
Batting: LHB Jesus Lozano
|
0-0: Ball 1-0: Foul Ball, location: 2F 1-1: Called Strike 1-2: Ball 2-2: Ball 3-2: Base on Balls
|
|
Batting: LHB Zion Davidson
|
0-0: Called Strike 0-1: Fielders Choice at 2nd, 6-4 (Groundball, 6M, EV 108.1 MPH) John Harring scores
|
|
Batting: RHB Josh Hoeye
|
0-0: Called Strike 0-1: Ball Zion Davidson is caught stealing 2nd base 2-4
|
| Bottom of the 1st over - 1 run, 1 hit, 0 errors, 0 left on base; Salt Lake 0 - Columbus 1 |
| TOP OF THE 2ND |
|
Salt Lake Bees batting - Pitching for Columbus Clippers : RHP Josh Hoeye
|
|
Batting: SHB Mario Padron
|
0-0: Foul Ball, location: 2F 0-1: Foul Ball, location: 2F 0-2: Ball 1-2: Ball 2-2: Foul Ball, location: 2F 2-2: Ball 3-2: Base on Balls
|
|
Batting: RHB Ryuji Ito
|
0-0: Called Strike 0-1: Swinging Strike 0-2: Ball 1-2: Ball 2-2: Ball 3-2: Strikes out looking
|
|
Batting: LHB Justin Balthazor
|
0-0: Called Strike Mario Padron steals 2nd base 0-1: Called Strike 0-2: Ball 1-2: DOUBLE (Flyball, 89XD, EV 107.5 MPH) Mario Padron scores
|
|
Batting: RHB Brandon Davis
|
0-0: Ball 1-0: Swinging Strike 1-1: Ball 2-1: Ball 3-1: Foul Ball, location: 2F 3-2: Strikes out swinging
|
|
Batting: LHB Larry Prey
|
0-0: Ball 1-0: Ball 2-0: Ground out U3 (Groundball, 34, EV 85.6 MPH)
|
| Top of the 2nd over - 1 run, 1 hit, 0 errors, 1 left on base; Salt Lake 1 - Columbus 1 |
| BOTTOM OF THE 2ND |
|
Columbus Clippers batting - Pitching for Salt Lake Bees : RHP Ricky Castillo
|
|
Batting: RHB Josh Hoeye
|
0-0: Called Strike 0-1: Called Strike 0-2: Foul Ball, location: 2F 0-2: Foul Ball, location: 2F 0-2: Foul Ball, location: 2F 0-2: Strikes out swinging
|
|
Batting: RHB Kyle Scruggs
|
0-0: Called Strike 0-1: Ball 1-1: Ball 2-1: SOLO HOME RUN (Line Drive, 7D, EV 103.1 MPH), Distance : 396 ft
|
|
Batting: SHB Scott Scott
|
0-0: Swinging Strike 0-1: Foul Ball, location: 2F 0-2: Ball 1-2: Strikes out swinging
|
|
Batting: RHB Jason Sher
|
0-0: Called Strike 0-1: Called Strike 0-2: Strikes out swinging
|
| Bottom of the 2nd over - 1 run, 1 hit, 0 errors, 0 left on base; Salt Lake 1 - Columbus 2 |
| TOP OF THE 3RD |
|
Salt Lake Bees batting - Pitching for Columbus Clippers : RHP Josh Hoeye
|
|
Batting: RHB Timoleon Tsikouna
|
0-0: Ball 1-0: Reached on error, E5 (Groundball, 56, EV 84.4 MPH)
|
|
Batting: RHB Kian-tat Chen
|
0-0: Foul Ball, location: 2F 0-1: Ground out 2-3 (Groundball, 2R, EV 66.2 MPH) Timoleon Tsikouna to second
|
|
Batting: LHB Brett Bugge
|
0-0: Called Strike 0-1: Called Strike 0-2: Ball 1-2: SINGLE (Groundball, 6D, EV 103.1 MPH) Timoleon Tsikouna to third Runner from 3rd tries for Home, throw by CF and OUT! 8-2
|
|
Batting: RHB Jimmy Buzard
|
0-0: Ball 1-0: Called Strike 1-1: Foul Ball, location: 2F 1-2: Ball 2-2: Fly out, F7 (Flyball, 7LM, EV 93.8 MPH)
|
| Top of the 3rd over - 0 runs, 1 hit, 1 error, 1 left on base; Salt Lake 1 - Columbus 2 |
| BOTTOM OF THE 3RD |
|
Columbus Clippers batting - Pitching for Salt Lake Bees : RHP Ricky Castillo
|
|
Batting: RHB George Wagner
|
0-0: Ball 1-0: Foul Ball, location: 2F 1-1: Foul Ball, location: 2F 1-2: Strikes out swinging
|
|
Batting: LHB John Harring
|
0-0: Ground out 5-3 (Groundball, 56, EV 88.1 MPH)
|
|
Batting: LHB Tyler Babbitt
|
0-0: Ball 1-0: Called Strike 1-1: Ground out U3 (Groundball, 3, EV 111.2 MPH)
|
| Bottom of the 3rd over - 0 runs, 0 hits, 0 errors, 0 left on base; Salt Lake 1 - Columbus 2 |
| TOP OF THE 4TH |
|
Salt Lake Bees batting - Pitching for Columbus Clippers : RHP Josh Hoeye
|
|
Batting: SHB Mario Padron
|
0-0: Ball 1-0: Swinging Strike 1-1: SINGLE (Line Drive, 8LS, EV 93.8 MPH)
|
|
Batting: RHB Ryuji Ito
|
0-0: Called Strike 0-1: Ball 1-1: Ball 2-1: Ball 3-1: Called Strike 3-2: Strikes out swinging
|
|
Batting: LHB Justin Balthazor
|
0-0: Ball 1-0: Ball Mario Padron steals 2nd, throwing error, E2 Mario Padron to third 2-0: Foul Ball, location: 2F 2-1: Foul Ball, location: 2F 2-2: Ground out 4-3 (Groundball, 4D, EV 101.2 MPH) Mario Padron scores
|
|
Batting: RHB Brandon Davis
|
0-0: Ball 1-0: Ball 2-0: Foul Ball, location: 2F 2-1: Ball 3-1: Foul Ball, location: 2F 3-2: Strikes out swinging
|
| Top of the 4th over - 1 run, 1 hit, 1 error, 0 left on base; Salt Lake 2 - Columbus 2 |
| BOTTOM OF THE 4TH |
|
Columbus Clippers batting - Pitching for Salt Lake Bees : RHP Ricky Castillo
|
|
Batting: LHB Jesus Lozano
|
0-0: Called Strike 0-1: Ball 1-1: Ground out U3 (Groundball, 13, EV 80.0 MPH)
|
|
Batting: LHB Zion Davidson
|
0-0: SINGLE (Line Drive, 9LS, EV 98.8 MPH)
|
|
Batting: RHB Josh Hoeye
|
0-0: Ball 1-0: Ball 2-0: Ball 3-0: Called Strike 3-1: Foul Ball, location: 2F 3-2: Strikes out swinging
|
|
Batting: RHB Kyle Scruggs
|
0-0: Called Strike 0-1: Called Strike 0-2: Foul Ball, location: 2F 0-2: Ball 1-2: Strikes out swinging
|
| Bottom of the 4th over - 0 runs, 1 hit, 0 errors, 1 left on base; Salt Lake 2 - Columbus 2 |
| TOP OF THE 5TH |
|
Salt Lake Bees batting - Pitching for Columbus Clippers : RHP Josh Hoeye
|
|
Batting: LHB Larry Prey
|
0-0: Ball 1-0: Foul Ball, location: 2F 1-1: Swinging Strike 1-2: Ball 2-2: Foul Ball, location: 2F 2-2: Ball 3-2: Ground out 3-1 (Groundball, 34, EV 86.2 MPH)
|
|
Batting: RHB Timoleon Tsikouna
|
0-0: Foul Ball, location: 2F 0-1: Ball 1-1: Foul Ball, location: 2F 1-2: Ball 2-2: Strikes out swinging
|
|
Batting: RHB Kian-tat Chen
|
0-0: Ball 1-0: Called Strike 1-1: Fly out, F8 (Flyball, 8LD, EV 79.4 MPH)
|
| Top of the 5th over - 0 runs, 0 hits, 0 errors, 0 left on base; Salt Lake 2 - Columbus 2 |
| BOTTOM OF THE 5TH |
|
Columbus Clippers batting - Pitching for Salt Lake Bees : RHP Ricky Castillo
|
|
Batting: SHB Scott Scott
|
0-0: Called Strike 0-1: Ball 1-1: Foul Ball, location: 2F 1-2: Ball 2-2: Foul Ball, location: 2F 2-2: Foul Ball, location: 2F 2-2: Foul Ball, location: 2F 2-2: Ball 3-2: Base on Balls
|
|
Batting: RHB Jason Sher
|
0-0: Foul Ball, location: 2F 0-1: Called Strike 0-2: Ball 1-2: Ball 2-2: Fielders Choice at 2nd, 2-4 (Groundball, 15S, EV 73.8 MPH)
|
|
Batting: RHB George Wagner
|
0-0: Called Strike Jason Sher steals 2nd base 0-1: Ball 1-1: SINGLE (Groundball, 6MD, EV 98.1 MPH) Jason Sher to third
|
|
Batting: LHB John Harring
|
0-0: Ball 1-0: Ball George Wagner steals 2nd base 2-0: Ball 3-0: Base on Balls
|
|
Batting: LHB Tyler Babbitt
|
0-0: Swinging Strike 0-1: SINGLE (Groundball, 34D, EV 98.1 MPH) Jason Sher scores George Wagner to third John Harring to second
|
|
Batting: LHB Jesus Lozano
|
0-0: Called Strike 0-1: Foul Ball, location: 2F 0-2: Foul Ball, location: 2F 0-2: Ball 1-2: SINGLE (Line Drive, 6M, EV 94.4 MPH) George Wagner scores John Harring to third Tyler Babbitt to second Runner from 3rd tries for Home, throw by CF and OUT! 8-2
|
|
Batting: LHB Zion Davidson
|
0-0: Ball 1-0: Called Strike 1-1: Foul Ball, location: 2F 1-2: Ball 2-2: SINGLE (Groundball, 6MD, EV 103.8 MPH) Tyler Babbitt to third Jesus Lozano to second Runner from 3rd tries for Home, SAFE, throw by CF to home
|
|
Pitching: LHP Bryan Payne
|
|
|
Batting: RHB Josh Hoeye
|
0-0: Foul Ball, location: 2F 0-1: Foul Ball, location: 2F 0-2: Strikes out swinging
|
| Bottom of the 5th over - 3 runs, 4 hits, 0 errors, 2 left on base; Salt Lake 2 - Columbus 5 |
| TOP OF THE 6TH |
|
Salt Lake Bees batting - Pitching for Columbus Clippers : RHP Josh Hoeye
|
|
Batting: LHB Brett Bugge
|
0-0: Ball 1-0: Foul Ball, location: 2F 1-1: Swinging Strike 1-2: Strikes out swinging
|
|
Batting: RHB Jimmy Buzard
|
0-0: Called Strike 0-1: Ball 1-1: SINGLE (Line Drive, 34D, EV 94.4 MPH)
|
|
Batting: SHB Mario Padron
|
0-0: Ball 1-0: Called Strike 1-1: Called Strike 1-2: Ball 2-2: Fielders Choice at 2nd, U6 (Groundball, 4M, EV 83.1 MPH)
|
|
Batting: RHB Ryuji Ito
|
0-0: Ball 1-0: Called Strike Mario Padron steals 2nd base 1-1: Fly out, F9 (Flyball, 9, EV 84.4 MPH)
|
| Top of the 6th over - 0 runs, 1 hit, 0 errors, 1 left on base; Salt Lake 2 - Columbus 5 |
| BOTTOM OF THE 6TH |
|
Columbus Clippers batting - Pitching for Salt Lake Bees : LHP Bryan Payne
|
|
Batting: RHB Kyle Scruggs
|
0-0: Called Strike 0-1: Ball 1-1: Ball 2-1: Called Strike 2-2: Ball 3-2: Foul Ball, location: 2F 3-2: SINGLE (Flyball, 78S, EV 92.5 MPH)
|
|
Batting: SHB Scott Scott
|
0-0: Ball 1-0: Foul Ball, location: 2F 1-1: Foul Ball, location: 2F 1-2: Foul Ball, location: 2F 1-2: Ball 2-2: SINGLE (Groundball, 34D, EV 106.2 MPH) Kyle Scruggs to second Runner from 2nd tries for 3rd, OUT! 9-5 Scott Scott to second
|
|
Batting: RHB Jason Sher
|
0-0: Ball 1-0: Ball Scott Scott is caught stealing 3rd base 2-5 2-0: Foul Ball, location: 2F 2-1: Foul Ball, location: 2F 2-2: Foul Ball, location: 2F 2-2: Ground out 1-3 (Groundball, 13S, EV 74.4 MPH)
|
| Bottom of the 6th over - 0 runs, 2 hits, 0 errors, 0 left on base; Salt Lake 2 - Columbus 5 |
| TOP OF THE 7TH |
|
Salt Lake Bees batting - Pitching for Columbus Clippers : RHP Josh Hoeye
|
|
Now at 1B: Jesus Lozano
|
|
|
Now at 2B: Jason Sher
|
|
|
Now at SS: Mike Quackenbush
|
|
|
Batting: LHB Justin Balthazor
|
0-0: Called Strike 0-1: Ball 1-1: Ball 2-1: Foul Ball, location: 2F 2-2: Ground out U3 (Groundball, 3L, EV 88.1 MPH)
|
|
Pitching: LHP Heath Ryland
|
|
|
Batting: RHB Brandon Davis
|
0-0: Swinging Strike 0-1: Ball 1-1: Ball 2-1: Ball 3-1: SINGLE (Groundball, 56, EV 99.4 MPH)
|
|
Batting: LHB Larry Prey
|
0-0: Called Strike 0-1: Called Strike 0-2: Ball 1-2: Ball 2-2: Ball 3-2: Base on Balls Brandon Davis to second
|
|
Batting: RHB Timoleon Tsikouna
|
0-0: Called Strike 0-1: Swinging Strike 0-2: Foul Ball, location: 2F 0-2: Fly out, F4 (Popup, 4S, EV 81.2 MPH)
|
|
Batting: RHB Kian-tat Chen
|
0-0: SINGLE (Groundball, 5S, EV 69.4 MPH) (infield hit) Brandon Davis to third Larry Prey to second
|
|
Pinch Hitting: RHB Danny Bjarnson
|
0-0: Ball 1-0: Called Strike 1-1: DOUBLE (Groundball, 5L, EV 108.1 MPH) Brandon Davis scores Larry Prey scores Kian-tat Chen to third
|
|
Pinch Runner at 2nd Butch Brown:
|
|
|
Batting: RHB Jimmy Buzard
|
0-0: Swinging Strike 0-1: Ball 1-1: Ball 2-1: Swinging Strike 2-2: Fly out, F3 (Popup, 3SF, EV 80.0 MPH)
|
| Top of the 7th over - 2 runs, 3 hits, 0 errors, 2 left on base; Salt Lake 4 - Columbus 5 |
| BOTTOM OF THE 7TH |
|
Columbus Clippers batting - Pitching for Salt Lake Bees : LHP Bryan Payne
|
|
Pitching: RHP Danny Nava
|
|
|
Now at 3B: Timoleon Tsikouna
|
|
|
Now at SS: Josh Faulconer
|
|
|
Batting: RHB George Wagner
|
0-0: Called Strike 0-1: Foul Ball, location: 2F 0-2: Ball 1-2: Ground out 4-3 (Groundball, 4, EV 88.1 MPH)
|
|
Batting: RHB Mike Quackenbush
|
0-0: Swinging Strike 0-1: Ball 1-1: DOUBLE (Line Drive, 9LS, EV 115.0 MPH)
|
|
Batting: LHB Tyler Babbitt
|
0-0: Called Strike 0-1: Foul Ball, location: 2F 0-2: Ball 1-2: Fly out, F5 (Line Drive, 5, EV 70.0 MPH)
|
|
Batting: LHB Jesus Lozano
|
0-0: Ball 1-0: Foul Ball, location: 2F 1-1: Swinging Strike 1-2: Ball 2-2: SINGLE (Groundball, P, EV 78.1 MPH) (infield hit) Mike Quackenbush to third
|
|
Batting: LHB Zion Davidson
|
0-0: Swinging Strike 0-1: Ball 1-1: Foul Ball, location: 2F 1-2: Foul Ball, location: 2F 1-2: Strikes out swinging
|
| Bottom of the 7th over - 0 runs, 2 hits, 0 errors, 2 left on base; Salt Lake 4 - Columbus 5 |
| TOP OF THE 8TH |
|
Salt Lake Bees batting - Pitching for Columbus Clippers : LHP Heath Ryland
|
|
Pitching: RHP Dennis Beals
|
|
|
Batting: SHB Mario Padron
|
0-0: Foul Ball, location: 2F 0-1: Ball 1-1: Swinging Strike 1-2: Strikes out looking
|
|
Batting: RHB Ryuji Ito
|
0-0: Called Strike 0-1: SINGLE (Groundball, 34D, EV 95.6 MPH)
|
|
Batting: LHB Justin Balthazor
|
0-0: Ball 1-0: Called Strike 1-1: Fly out, F8 (Line Drive, 8LM, EV 91.2 MPH)
|
|
Batting: RHB Brandon Davis
|
0-0: Ball 1-0: Ball 2-0: Foul Ball, location: 2F 2-1: Ground out 6-3 (Groundball, 6M, EV 81.9 MPH)
|
| Top of the 8th over - 0 runs, 1 hit, 0 errors, 1 left on base; Salt Lake 4 - Columbus 5 |
| BOTTOM OF THE 8TH |
|
Columbus Clippers batting - Pitching for Salt Lake Bees : RHP Danny Nava
|
|
Pitching: LHP Vinny Zavala
|
|
|
Batting: RHB Josh Hoeye
|
0-0: Ball 1-0: Ball 2-0: Ball 3-0: Base on Balls
|
|
Batting: RHB Kyle Scruggs
|
0-0: Ball 1-0: Ball 2-0: DOUBLE (Groundball, 5L, EV 95.0 MPH) Josh Hoeye to third
|
|
Batting: SHB Scott Scott
|
0-0: Foul Ball, location: 2F 0-1: Ball 1-1: Called Strike 1-2: Ball 2-2: Ball 3-2: DOUBLE (Line Drive, 78D, EV 108.8 MPH) Josh Hoeye scores Kyle Scruggs scores
|
|
Batting: RHB Jason Sher
|
0-0: Intentional Walk
|
|
Batting: RHB George Wagner
|
0-0: Bunted foul 0-1: Bunted foul 0-2: Ball 1-2: Ball 2-2: Grounds into double play, 5-4-3 (Groundball, 5, EV 104.4 MPH) Scott Scott to third
|
|
Batting: RHB Mike Quackenbush
|
0-0: Ball Wild Pitch! Scott Scott scores 1-0: Swinging Strike 1-1: Swinging Strike 1-2: Strikes out swinging
|
| Bottom of the 8th over - 3 runs, 2 hits, 0 errors, 0 left on base; Salt Lake 4 - Columbus 8 |
| TOP OF THE 9TH |
|
Salt Lake Bees batting - Pitching for Columbus Clippers : RHP Dennis Beals
|
|
Pitching: RHP Paul Lewis
|
|
|
Batting: LHB Larry Prey
|
0-0: Called Strike 0-1: Foul Ball, location: 2F 0-2: Foul Ball, location: 2F 0-2: Foul Ball, location: 2F 0-2: Ground out 4-3 (Groundball, 4, EV 103.1 MPH)
|
|
Batting: RHB Timoleon Tsikouna
|
0-0: Fly out, F8 (Flyball, 8LD, EV 96.2 MPH)
|
|
Batting: RHB Kian-tat Chen
|
0-0: Foul Ball, location: 2F 0-1: Foul Ball, location: 2F 0-2: Strikes out swinging
|
| Top of the 9th over - 0 runs, 0 hits, 0 errors, 0 left on base; Salt Lake 4 - Columbus 8 |
|